 Dungeon Crawl Stone Soup version 0.28-a0-309-gf6d37e6e1d (webtiles) character file.

Game seed: 7730540268199578933

179 Colgate the Slasher (level 5, -2/41 HPs)
             Began as a Draconian Warper on Aug 30, 2021.
             Was a Follower of Sif Muna.
             Slain by Pikel (14 damage)
             ... on level 3 of the Dungeon.
             The game lasted 00:30:31 (5498 turns).

Colgate the Slasher (Draconian Warper)              Turns: 5498, Time: 00:30:31

Health: -2/41      AC:  5    Str: 13    XL:     5   Next: 32%
Magic:  1/8        EV: 12    Int: 14    God:    Sif Muna [*.....]
Gold:   166        SH:  0    Dex: 11    Spells: 6/8 levels left

rFire   . . .      SeeInvis .   a - +0 falchion
rCold   . . .      Faith    .   (no shield)
rNeg    . . .      Spirit   .   (armour unavailable)
rPois   .          Reflect  .   (helmet restricted)
rElec   .          Harm     .   (no cloak)
rCorr   .          Rampage  .   (no gloves)
Will    .....                   (no boots)
Stlth   +.........              (no amulet)
HPRegen 0.13/turn               (no ring)
MPRegen 0.11/turn               (no ring)

@: no status effects
A: AC +5, unfitting armour, cold-blooded
a: Renounce Religion, Channel Magic


You were on level 3 of the Dungeon.
You worshipped Sif Muna.
Sif Muna was aware of your devotion.
You visited 1 branch of the dungeon, and saw 4 of its levels.

You collected 166 gold pieces.

Inventory:

Hand Weapons
 a - a +0 falchion (weapon)
 b - a +0 hunting sling
Missiles
 g - 64 stones
 i - 38 sling bullets
 k - 15 boomerangs
Scrolls
 d - a scroll of torment {unknown}
 e - a scroll of enchant armour {unknown}
 f - 4 scrolls of identify {unknown}
 h - 2 scrolls of blinking
 j - a scroll of amnesia {unknown}
 l - a scroll of noise {unknown}
 m - a scroll of immolation {unknown}
 o - a scroll of fear {unknown}
 p - a scroll of silence {unknown}
Potions
 c - a potion of ambrosia {unknown}
 n - a potion of curing {unknown}


   Skills:
 - Level 2.1 Fighting
 + Level 5.1 Long Blades
 - Level 0.8 Throwing
 - Level 3.0 Dodging
 - Level 2.0 Spellcasting
 - Level 3.0 Translocations


You had 6 spell levels left.
You knew the following spells:

 Your Spells              Type           Power      Damage    Failure   Level
a - Blink                 Tloc           N/A        N/A       11%         2

Your spell library contained the following spells:

 Spells                   Type           Power      Damage    Failure   Level
 Gell's Gravitas          Tloc           4%         N/A       21%         3
 Lesser Beckoning         Tloc           9%         N/A       21%         3
 Teleport Other           Tloc           9%         N/A       21%         3
 Sandblast                Erth           2%         2d4       24%         1
 Passwall                 Tmut/Erth      0%         N/A       34%         2
 Manifold Assault         Tloc           9%         N/A       88%         5
 Lee's Rapid Deconstruct  Erth           0%         3d5*      100%        5


Dungeon Overview and Level Annotations

Branches:
Dungeon (4/15)
 Temple: D:4-7

Altars:
Dithmenos
Gozag
Hepliaklqana
Nemelex Xobeh
Sif Muna

Annotations:
D:3 Pikel


Innate Abilities, Weirdness & Mutations

Your plain brown scales are hard. (AC +5)
You cannot fit into any form of body armour.
You are cold-blooded and may be slowed by cold attacks.


Message History

Press: ? - help, Q - select action, (/) - cycle Shift-Dir - straight line, f/p - Pikel
Aim: Pikel, wielding a +1 whip of electrocution and wearing a +0 robe (lightly wounded, 47% to hit)
You shoot a sling bullet.
The sling bullet hits Pikel but does no damage.
Pikel is lightly wounded.
You see here a sling bullet.
You see here a sling bullet.
You see here a sling bullet.
You see here a sling bullet.
You see here a sling bullet.
You shoot a sling bullet. The sling bullet hits Pikel.
Pikel is lightly wounded.
You shoot a sling bullet. The sling bullet hits Pikel.
Pikel is lightly wounded.
Casting: Blink (safe; 11% risk of failure)
Confirm with . or Enter, or press ? or * to list all spells.
Okay, then.
You shoot a sling bullet.
The sling bullet hits Pikel but does no damage.
Pikel is lightly wounded.
Casting: Blink (safe; 11% risk of failure)
Confirm with . or Enter, or press ? or * to list all spells.
You blink.
Pikel barely misses you.
There is an open door here.
Pikel says, "I'm sure they'll be treated well, anyway."
Casting: Blink (safe; 11% risk of failure)
Confirm with . or Enter, or press ? or * to list all spells.
You blink.
You shoot a sling bullet. The sling bullet misses Pikel.
There is a stone staircase leading down here.
a - a +0 falchion (weapon)
You barely miss Pikel.
Pikel is lightly wounded.
Pikel hits you with a +1 whip of electrocution.
You hit Pikel.
Your tail-slap misses Pikel.
Pikel is lightly wounded.
Pikel hits you with a +1 whip of electrocution!
* * * LOW HITPOINT WARNING * * *
You are electrocuted!
You die...

..(≈≈_.≈≈..##.#.########.#
..(≈≈≈≈≈≈.............(..#
..(≈≈≈≈≈≈..##.############
...((.............#
.....######.#.###.# ....##
#.#.# #.# ....# #...# #.#
##'## ##..###.#
#.#########.>.K@.#
#(............####
#############.#
#.....[...#.#
#.........#.#
#....######.#
#....#..<...####
##.#.#.#.#.....#
#.#.#.....)...#


You could see Pikel.

Vanquished Creatures
  7 adders
  An adder skeleton (D:4)
  3 dart slugs
  10 orcs
  12 ball pythons
  8 endoplasms
  3 giant cockroaches
  10 goblins
  6 hobgoblins
  7 jackals
  2 quokkas
  5 bats
  6 frilled lizards
  3 kobolds
  10 rats
93 creatures vanquished.

Notes
Turn   | Place    | Note
-------+----------+-------------------------------------------
     0 | D:1      | Colgate the Draconian Warper began the quest for the Orb.
     0 | D:1      | Reached XP level 1. HP: 17/17 MP: 3/3
   252 | D:1      | Reached XP level 2. HP: 24/24 MP: 5/5
   255 | D:1      | Learned a level 2 spell: Blink
  1251 | D:1      | Reached XP level 3. HP: 26/29 MP: 6/6
  1888 | D:2      | Reached skill level 3 in Long Blades
  2585 | D:2      | Found a shimmering blue altar of Sif Muna.
  2594 | D:2      | Became a worshipper of Sif Muna the Loreminder
  2763 | D:2      | Reached XP level 4. HP: 33/36 MP: 1/7
  3003 | D:2      | Reached skill level 4 in Long Blades
  3750 | D:3      | Found a sparkling altar of Nemelex Xobeh.
  3779 | D:3      | Found a hazy altar of Hepliaklqana.
  4208 | D:3      | Reached * piety under Sif Muna
  4209 | D:3      | Reached XP level 5. HP: 40/41 MP: 8/8
  4219 | D:3      | You fall into a shaft and drop 1 floor!
  4225 | D:4      | Noticed a lemure
  4225 | D:4      | Noticed Pikel
  4225 | D:4      | Noticed a lemure
  4226 | D:4      | Noticed a lemure
  4226 | D:4      | Noticed a lemure
  4364 | D:3      | Found a faded altar of an unknown god.
  4492 | D:3      | Found an opulent altar of Gozag.
  4591 | D:3      | Reached skill level 5 in Long Blades
  5070 | D:4      | Found a shadowy altar of Dithmenos.
  5498 | D:3      | Slain by Pikel

Illustrated notes

Levels and vault maps discovered:
D:1:      scummos_arrival_forest, layout_basic
D:2:      layout_loops_ring, basic_altar, kennysheep_pointless_box,
          guppyfry_early_orc_mine
D:3:      layout_basic, nemelex_xobeh_ov_fountains_minmay,
          general_overflow_altar, mainiacjoe_overflow_alcove_2,
          ebering_ecumenical_altar_box, mrwooster_statue_mirror
D:4:      layout_basic, nicolae_dithmenos_shadow_blocks, uniq_pikel

Skill      XL: |  1  2  3  4  5 |
---------------+----------------+-----
Dodging        | 3 |  3.0
Long Blades    | 3 4 5 |  5.1
Fighting       | |  2.1
Throwing       | |  0.8
Spellcasting   | |  2.0
Translocations | |  3.0

Action                   |  1- 3 |  4- 6 || total
-------------------------+-------+-------++-------
Melee: Falchion          |   138 |   171 ||   309
       Tailslap          |    10 |    18 ||    28
 Fire: Hunting sling     |     7 |    36 ||    43
Throw: Boomerang         |     5 |       ||     5
 Cast: Blink             |     2 |    14 ||    16
Armor: Skin              |    43 |    37 ||    80
Dodge: Dodged            |    97 |   102 ||   199

Table legend: (Time is in decaauts)
 A = Elapsed time spent in this place.
 B = Non-inter-level travel time spent in this place.
 C = Inter-level travel time spent in this place.
 D = Time resting spent in this place.
 E = Time spent auto-exploring this place.
 F = Levels seen in this place.
 G = Mean time per level.
                   A        B        C        D        E       F      G
               +--------+--------+--------+--------+--------+-----+--------+
         Total |   5512 |   5354 |    158 |   1045 |   3058 |   4 | 1378.0 |
       Dungeon |   5512 |   5354 |    158 |   1045 |   3058 |   4 | 1378.0 |
               +--------+--------+--------+--------+--------+-----+--------+

Top non-repeatable levels by time:
     D:2: 2300 daAuts
     D:3: 1357 daAuts
     D:1: 1321 daAuts
     D:4: 533 daAuts
